 Dungeon Crawl Stone Soup version 0.25-a0-294-gea9b1ad378 (webtiles) character file.

Game seed: 521124605041837555, levelgen mode: deterministic

3521 night the Martial Artist (level 9, -3/74 HPs)
             Began as a Demonspawn Gladiator on Dec 18, 2019.
             Was an Initiate of Cheibriados.
             Slain by a two-headed ogre
             ... wielding a +0 giant spiked club
              (8 damage)
             ... on level 7 of the Dungeon.
             The game lasted 00:21:18 (7929 turns).

night the Martial Artist (Demonspawn Gladiator)     Turns: 7929, Time: 00:21:19

Health: -3/74      AC:  8    Str: 16    XL:     9   Next: 81%
Magic:  0/9        EV: 12    Int: 13    God:    Cheibriados [......]
Gold:   338        SH:  0    Dex: 16    Spells: 3/8 levels left

rFire    + . .     SeeInvis .     - Unarmed
rCold    + . .     Gourm    .   (no shield)
rNeg     . . .     Faith    .   t - +1 ring mail {rF+}
rPois    .         Spirit   +   b - +0 helmet
rElec    .         Reflect  .   r - +0 cloak
rCorr    .         Harm     .   (no gloves)
MR       .....                  (no boots)
Stlth    +.........             u - amulet of guardian spirit
HPRegen  0.22/turn              x - ring of protection from cold
MPRegen  0.11/turn              (no ring)

@: very slow
A: hooves 2, rot immunity
a: Bend Time, Renounce Religion


You were on level 7 of the Dungeon.
You worshipped Cheibriados.
Cheibriados was noncommittal.
You were not hungry.

You visited 2 branches of the dungeon, and saw 9 of its levels.

You collected 338 gold pieces.

Inventory:

Hand Weapons
 H - a +0 shortbow
Missiles
 c - 4 throwing nets
 g - 51 poisoned darts (quivered)
 i - 153 stones
 j - 7 boomerangs
 p - 9 bolts
 q - 80 arrows
 w - 4 boomerangs of dispersal
 F - 2 silver javelins
 G - 28 sling bullets
Armour
 b - a +0 helmet (worn)
 r - a +0 cloak (worn)
 t - a +1 ring mail of fire resistance (worn)
 K - the -2 hat of the Alchemist {rElec rPois rF+ rC+ rN+ MR+ rMut rCorr}
   (You found it on level 7 of the Dungeon)

   It protects you from fire.
   It protects you from cold.
   It insulates you from electricity.
   It protects you from poison.
   It protects you from negative energy.
   It affects your resistance to hostile enchantments.
   It provides partial protection from all sources of acid and corrosion.
   It protects you from mutation.
Jewellery
 u - an amulet of guardian spirit (around neck)
 x - a ring of protection from cold (left hand)
 B - an uncursed ring of positive energy {unknown}
 J - an uncursed amulet of the acrobat {unknown}
Scrolls
 e - 7 scrolls of identify
 h - 3 scrolls of immolation
 k - 3 scrolls of enchant armour {unknown}
 m - 5 scrolls of remove curse {unknown}
 y - 4 scrolls of magic mapping
 z - 3 scrolls of teleportation {unknown}
 I - a scroll of fear {unknown}
Potions
 f - 3 potions of magic {unknown}
 l - 3 potions of haste {unknown}
 n - 2 potions of brilliance {unknown}
 o - 2 potions of flight {unknown}
 s - 2 potions of curing {unknown}
 v - a potion of ambrosia {unknown}
 A - a potion of mutation {unknown}
 C - a potion of might {unknown}
 D - a potion of heal wounds {unknown}
 E - a potion of cancellation {unknown}
Comestibles
 a - 8 chunks of flesh
 d - 12 rations


   Skills:
 + Level 8.2 Fighting
 - Level 1.7 Throwing
 - Level 2.6 Dodging
 * Level 10.7 Unarmed Combat
 + Level 2.1 Hexes


You had 3 spell levels left.
You knew the following spells:

 Your Spells              Type           Power        Failure   Level  Hunger
a - Ensorcelled Hibernat  Hex/Ice        #.....       50%         2    ###....
b - Confuse               Hex            #.......     58%         3    ####...

Your spell library contained the following spells:

 Spells                   Type           Power        Failure   Level  Hunger
 Corona                   Hex            #......      24%         1    ##.....
 Tukima's Dance           Hex            #.......     58%         3    ####...
 Dazzling Flash           Conj/Hex       #.....       75%         3    ####...


Dungeon Overview and Level Annotations

Branches:
Dungeon (8/15)             Temple (1/1) D:7
   Lair: D:8-11

Altars:
Ashenzari
Cheibriados
Dithmenos
Elyvilon
Gozag
Hepliaklqana
Kikubaaqudgha
Makhleb
Nemelex Xobeh
Okawaru
Qazlal
Ru
Sif Muna
Uskayaw
Vehumet
Xom
Yredelemnul
Zin
The Shining One


Innate Abilities, Weirdness & Mutations

You have hoof-like feet.
You are immune to rotting.


Message History

The phantom closely misses you.
You climb upwards.
There is a stone staircase leading down here.
The two-headed ogre hits you with a +0 giant spiked club!
The two-headed ogre hits you with a +0 giant club.
As you read the scroll labeled DEGERI FI NEU, it crumbles to dust.
The creatures around you are filled with an inner flame!
It was a scroll of immolation.
The phantom hits you but does no damage.
As you read the scroll labeled YFAULO PENETZ, it crumbles to dust.
It is a scroll of identify.
y - 4 scrolls of magic mapping The phantom blinks!
The two-headed ogre hits you with a +0 giant spiked club!
* * * LOW HITPOINT WARNING * * *
The two-headed ogre hits you with a +0 giant club!
* * * LOW HITPOINT WARNING * * *
Okay, then.
The two-headed ogre hits you with a +0 giant spiked club!
You die...

###...#.....#...#...##.......#
#####⌠...⌠#####...##.......#
#######.......##.../...#
#...........##........
#...........##........
#......W>...##........
#............#.......#
#########....O........##......
#...........#@#######.########
#...........#.#..[..#.#.......
#...........#.#.#.#.#.#######.
#..)........#...#.#...# #.
#...........#####.###########.
#...........#...#.#...#.....#.
#...........#.#.#.#.#.#####.#.
#^..........#.#.....#.#.......
###########.#.#######.##.##.#.


You could see a two-headed ogre (inner flame) and a phantom (inner flame).

Vanquished Creatures
  A hippogriff (D:7)
  Sigmund (D:3)
  Menkaure (D:7)
  A hungry ghost (D:7)
  Duvessa (D:7)
  3 orc warriors
  2 water moccasins
  2 black bears
  3 sky beasts
  An ice beast (D:7)
  A necrophage (D:5)
  A centaur (D:7)
  3 bullfrogs
  2 wyvern zombies
  Dowan (D:7)
  4 wights (D:7)
  2 howler monkeys (D:4)
  3 crimson imps
  A centaur zombie (D:7)
  A quasit (D:6)
  6 hounds
  An orc priest (D:7)
  A bullfrog zombie (D:6)
  A jelly (D:6)
  5 orc wizards
  3 bullfrog skeletons
  A centaur skeleton (D:4)
  An iguana (D:5)
  6 worker ants
  7 adders
  A shadow imp (D:6)
  2 oozes
  An adder skeleton (D:7)
  3 worms
  2 dart slugs
  4 leopard geckos
  16 orcs
  4 ball pythons
  10 giant cockroaches
  7 goblins
  8 hobgoblins
  6 jackals
  3 quokkas
  10 bats
  4 frilled lizards
  A jackal zombie (D:6)
  6 kobolds
  3 rats
158 creatures vanquished.

Vanquished Creatures (others)
  A human (D:5)
1 creature vanquished.

Grand Total: 159 creatures vanquished

Notes
Turn   | Place    | Note
-------+----------+-------------------------------------------
     0 | D:1      | night the Demonspawn Gladiator began the quest for the Orb.
     0 | D:1      | Reached XP level 1. HP: 16/16 MP: 1/1
    63 | D:1      | Reached skill level 3 in Unarmed Combat
   172 | D:1      | Gained mutation: You are immune to rotting. [demonic
                  | ancestry]
   172 | D:1      | Reached XP level 2. HP: 21/22 MP: 2/2
   949 | D:2      | Reached XP level 3. HP: 23/28 MP: 3/3
  1856 | D:3      | Found a basalt altar of Yredelemnul.
  1868 | D:3      | Found a snail-covered altar of Cheibriados.
  1869 | D:3      | Noticed a bullfrog
  1896 | D:3      | Killed a bullfrog
  1896 | D:3      | Reached skill level 4 in Unarmed Combat
  1896 | D:3      | Reached XP level 4. HP: 4/35 MP: 4/4
  2285 | D:3      | Noticed an orc warrior
  2363 | D:3      | Killed an orc warrior
  2363 | D:3      | Reached skill level 5 in Unarmed Combat
  2363 | D:3      | Reached XP level 5. HP: 34/42 MP: 5/5
  2443 | D:3      | Found a basalt altar of Yredelemnul.
  2572 | D:3      | Reached XP level 6. HP: 41/48 MP: 2/6
  2713 | D:3      | Noticed a water moccasin
  2724 | D:3      | Killed a water moccasin
  3024 | D:3      | Noticed Sigmund
  3116 | D:3      | Killed Sigmund
  3116 | D:3      | Reached skill level 6 in Unarmed Combat
  3116 | D:3      | Gained mutation: You have large cloven feet. [demonic
                  | ancestry]
  3116 | D:3      | Reached XP level 7. HP: 44/55 MP: 5/7
  3642 | D:4      | Found an iron altar of Okawaru.
  3652 | D:4      | Reached skill level 5 in Fighting
  4034 | D:4      | Reached skill level 7 in Unarmed Combat
  4472 | D:5      | Entered Level 5 of the Dungeon
  4478 | D:5      | Gained mutation: You have hoof-like feet. [demonic
                  | ancestry]
  4478 | D:5      | Reached XP level 8. HP: 63/63 MP: 8/8
  4774 | D:5      | Reached skill level 8 in Unarmed Combat
  5093 | D:5      | Found an ancient bone altar of Kikubaaqudgha.
  5339 | D:6      | Reached skill level 9 in Unarmed Combat
  5625 | D:6      | Found a shimmering blue altar of Sif Muna.
  6110 | D:7      | Noticed Dowan
  6113 | D:7      | Noticed Duvessa
  6124 | D:7      | Killed Dowan
  6124 | D:7      | Reached XP level 9. HP: 71/72 MP: 7/9
  6148 | D:7      | Killed Duvessa
  6619 | D:7      | Found the -2 hat of the Alchemist {rElec rPois rF+ rC+ rN+
                  | MR+ rMut rCorr}
  6700 | D:7      | Reached skill level 10 in Unarmed Combat
  6994 | D:3      | Became a worshipper of Cheibriados the Contemplative
  7093 | D:6      | Learned a level 2 spell: Ensorcelled Hibernation
  7097 | D:6      | Learned a level 3 spell: Confuse
  7139 | D:7      | Found a staircase to the Ecumenical Temple.
  7148 | Temple   | Entered the Ecumenical Temple
  7382 | D:7      | Reached skill level 1 in Hexes
  7530 | D:7      | Noticed Menkaure
  7543 | D:7      | Killed Menkaure
  7917 | D:8      | Noticed a two-headed ogre
  7929 | D:7      | Slain by a two-headed ogre

Levels and vault maps discovered:
D:1:      wander_arrival_abandoned_jail, layout_loops_ring
D:2:      layout_basic
D:3:      layout_rooms, grunt_temple_overflow_open, yredelemnul_altar_generic,
          uniq_sigmund
D:4:      black_bear_nest_2, layout_gridville, okawaru_trees_1
D:5:      layout_rooms, first_ration, tgw_kikubaaqudgha
D:6:      layout_rooms, basic_altar, serial_curves, eino_curves_02,
          eino_curves_02, eino_curves_04, eino_curves_04
D:7:      minmay_clustersquares, layout_basic, minmay_temple_entry_antechambers,
          minmay_misc_feat_ornament, uniq_menkaure, uniq_duvessa
D:8:      layout_basic, nicolae_overflow_hidden_temple, old_standard_altar,
          the_bakery, kennysheep_generic_room_8, uniq_erica, uniq_psyche
Temple:   minmay_crystal_spiral_temple

Skill      XL: |  1  2  3  4  5  6  7  8  9 |
---------------+----------------------------+-----
Unarmed Combat | 3 4 5 6 7 9 10 | 10.7
Fighting       | 3 4 5 7 8 |  8.2
Hexes          | 2 |  2.1
Throwing       | |  1.7
Dodging        | |  2.6

Action                   |  1- 3 |  4- 6 |  7- 9 || total
-------------------------+-------+-------+-------++-------
Melee: Unarmed           |   152 |   110 |   365 ||   627
       Punch             |     3 |     1 |     7 ||    11
       Kick              |       |       |    99 ||    99
 Fire: Shortbow          |       |       |     1 ||     1
Throw: Boomerang         |     3 |       |       ||     3
       Dart              |    35 |    34 |    50 ||   119
  Use: Scroll            |       |       |     2 ||     2
 Stab: Sleeping          |     2 |       |       ||     2
  Eat: Chunk             |     3 |     4 |    19 ||    26
Armor: Leather armour    |    78 |     4 |       ||    82
       Ring mail         |       |    24 |   163 ||   187
Dodge: Dodged            |   150 |    63 |   220 ||   433

Table legend:
 A = Non-vault XP
 B = Vault XP
 C = Vault XP percentage of total XP
 D = Non-vault monster count
 E = Vault monster count
 F = Vault count percentage of total count
                 A         B        C        D         E       F
            +---------+---------+-------+---------+---------+-------
      Total |    3670 |    1361 |  27.1 |     143 |      15 |   9.5
            +---------+---------+-------+---------+---------+-------
        D:1 |      36 |       0 |   0.0 |      20 |       0 |   0.0
        D:2 |      30 |       0 |   0.0 |      15 |       0 |   0.0
        D:3 |     518 |     205 |  28.4 |      32 |       1 |   3.0
        D:4 |     480 |     136 |  22.1 |      20 |       1 |   4.8
        D:5 |     438 |       0 |   0.0 |      10 |       0 |   0.0
        D:6 |    1154 |       2 |   0.2 |      22 |       1 |   4.3
        D:7 |     926 |    1018 |  52.4 |      23 |      12 |  34.3
        D:8 |      88 |       0 |   0.0 |       1 |       0 |   0.0
            +---------+---------+-------+---------+---------+-------
